 Dungeon Crawl Stone Soup version 0.30-a0-867-g305f33218d (webtiles) character file.

Game seed: 15719071228916107585

206894 Grim the Executioner (level 18, -11/173 HPs)
             Began as a Minotaur Berserker on Mar 10, 2023.
             Was a High Priest of Trog.
             Killed from afar by a lich (42 damage)
             ... with a bolt of cold
             ... on level 1 of the Depths.
             The game lasted 01:14:52 (42782 turns).

Grim the Executioner (Minotaur Berserker)          Turns: 42782, Time: 01:14:52

Health: -11/173    AC: 39    Str: 26    XL:     18   Next: 8%
Magic:  17/17      EV: 30    Int: 14    God:    Trog [*****.]
Gold:   3814       SH:  0    Dex: 14    Spells: 17/17 levels left

rFire   + + +      SeeInvis .    P - +2 executioner's axe (flame)
rCold   . . .      Faith    .    (shield currently unavailable)
rNeg    . . .      Spirit   .    B - +9 plate armour "Qulasm" {rElec rCorr Str-3}
rPois   +          Reflect  .    (helmet restricted)
rElec   +          Rampage  .    O - +1 cloak
rCorr   +                        Z - +1 pair of gloves of the Present {Contam rF+++ Str+5}
Will    ++...                    g - +0 pair of boots Stlth
                                 Y - amulet of the acrobat
HPRegen 0.48/turn                E - ring of Jicw {rPois AC+4 Int+8}
MPRegen 0.15/turn                W - ring of willpower

@: on berserk cooldown, acrobatic, slowed, studying Axes, unable to read, very
slow
A: horns 2, retaliatory headbutt, iridescent scales 1, inability to read after
injury 1
}: 1/15 runes: serpentine
a: Renounce Religion, Berserk, Trog's Hand, Brothers in Arms


You were on level 1 of the Depths.
You worshipped Trog.
Trog was extremely pleased with you.
You visited 6 branches of the dungeon, and saw 28 of its levels.
You visited the Abyss 1 time.
You also visited: Ossuary.

You collected 3814 gold pieces.

Inventory:

Hand Weapons
 P - a +2 executioner's axe of flaming (weapon)
Missiles
 a - 5 silver javelins
 c - 6 atropa-tipped darts
 h - 42 poisoned darts (quivered)
 K - 12 boomerangs
 R - 7 curare-tipped darts
 X - 2 throwing nets
Armour
 g - a +0 pair of boots (worn)
 B - the +9 plate armour "Qulasm" (worn) {rElec rCorr Str-3}
   (You found it on level 4 of the Snake Pit)

   Str:       It affects your strength (-3).
   rElec:     It insulates you from electricity.
   rCorr:     It protects you from acid and corrosion.
 D - +4 storm dragon scales {Bai Suzhen}
 O - a +1 cloak (worn)
 Z - the +1 pair of gloves of the Present (worn) {Contam rF+++ Str+5}
   (You took it off Nikola on level 1 of the Snake Pit)

   Str:       It affects your strength (+5).
   rF:        It renders you almost immune to fire.
   Contam:    It causes magical contamination when unequipped.
Jewellery
 e - an amulet of guardian spirit
 n - the ring "Qunoerch" {Int+2 SInv}
   (You found it on level 4 of the Snake Pit)

   [ring of see invisible]

   Int:       It affects your intelligence (+2).
   SInv:      It lets you see invisible.
 E - the ring of Jicw (left hand) {rPois AC+4 Int+8}
   (You found it on level 5 of the Lair of Beasts)

   [ring of protection]

   AC:        It affects your AC (+4).
   Int:       It affects your intelligence (+8).
   rPois:     It protects you from poison.
 H - an amulet of reflection
 W - a ring of willpower (right hand)
 Y - an amulet of the acrobat (around neck)
Wands
 b - a wand of charming (18)
 I - a wand of mindburst (22)
 J - a wand of polymorph (10)
 Q - a wand of quicksilver (10)
 S - a wand of roots (19)
Scrolls
 d - 6 scrolls of teleportation
 j - 6 scrolls of enchant weapon
 m - a scroll of torment
 o - a scroll of blinking
 p - 5 scrolls of immolation
 q - 11 scrolls of noise
 r - 4 scrolls of vulnerability
 s - 6 scrolls of fog
 v - 5 scrolls of poison
 y - 10 scrolls of enchant armour
 A - 3 scrolls of butterflies
 F - 11 scrolls of magic mapping
 G - 4 scrolls of fear
 M - 2 scrolls of brand weapon
 T - 2 scrolls of silence
Potions
 f - 4 potions of invisibility
 i - 14 potions of curing
 k - 4 potions of attraction
 l - 9 potions of magic
 t - 4 potions of haste
 u - 9 potions of flight
 w - 2 potions of resistance
 x - 3 potions of lignification
 z - 3 potions of cancellation
 C - 5 potions of heal wounds
 L - 6 potions of might
 N - 2 potions of berserk rage
 U - 3 potions of ambrosia
 V - a potion of mutation {!q}


   Skills:
 - Level 18.5 Fighting
 * Level 22.9 Axes
 - Level 10.0 Throwing
 - Level 16.2 Armour
 + Level 18.6 Dodging
 - Level 1.2 Evocations


You had 17 spell levels left.
You didn't know any spells.
Your spell library was empty.

Dungeon Overview and Level Annotations

Branches:
Dungeon (15/15)            Temple (0/1) D:6            Lair (5/5) D:10
 Shoals (1/4) Lair:2        Snake (4/4) Lair:3        Slime (0/5) Lair:5
    Orc (2/2) D:10            Elf (0/3) Orc:2        Vaults (0/5) D:13
 Depths (1/4) D:15        Ossuary (visited)

Altars:
Cheibriados
Elyvilon
Fedhas
Gozag
Hepliaklqana
Kikubaaqudgha
Okawaru
Ru
Uskayaw
Vehumet
Jiyva

Shops:
D:8 *   D:10 [   Orc:2 :[!?

Portals:
Trove: D:15 (give 5 scrolls of fog)

Annotations:
D:9 3 runed translucent doors, gyole's ghost, novice OgEE
Lair:1 3 runed translucent doors, Atotek's ghost, journeyman MeCA
Lair:3 2 transporters, Ruockun's ghost, journeyman DsNe


Innate Abilities, Weirdness & Mutations

You have a pair of horns on your head.
You reflexively headbutt those who attack you in melee.
You are partially covered in iridescent scales. (AC +2)
You occasionally lose the ability to read scrolls when taking damage.


Message History

The lich casts a spell at you. The bolt of cold hits you!!
The vampire knight casts a spell.
The vampire knight flickers and vanishes!
Deactivating autopickup; reactivate with Ctrl-A.
The lich touches you but does no damage.
You barely miss the lich.
You headbutt the lich, but do no damage.
The lich is severely damaged.
The lich touches you but does no damage.
The lich mumbles some strange words.
The lich flickers and vanishes!
A fire giant comes into view.
It is wielding a +2 great sword of flaming.
The fire giant shouts!
You closely miss something. Your headbutt misses something.
You hear some strange, mumbled words.
A bolt of cold appears from out of thin air!
The bolt of cold hits you!!!
* * * LOW HITPOINT WARNING * * *
Something tries to affect you, but you resist.
The phantasmal warrior gestures at you.
The phantasmal warrior blinks!
You barely miss something.
Something touches you but does no damage. x2
The fire giant gestures at you while chanting.
The bolt of fire hits you. You resist.
* * * LOW HITPOINT WARNING * * *
The phantasmal warrior gestures at you.
The phantasmal warrior blinks!
You hear some strange, mumbled words.
A bolt of cold appears from out of thin air!
The bolt of cold hits you!!
* * * LOW HITPOINT WARNING * * *
The bolt of cold hits the phantasmal warrior!
The phantasmal warrior resists.
You hear some strange, mumbled words.
A bolt of cold appears from out of thin air!
The bolt of cold hits you!!!
You feel threatened and lose the ability to read scrolls!
You die...

#............#
#.....C......#
#.>..........#
#............##
#..)..........##
#.[............#
#......†...§...#
#......{.......#
#.([.@.........#
#.<[W(.....{...#######
#..........§.W..3.....
#########.########.###
#.[###.# #.##
#######Z.##.# #3.#
#......3.(#.# #!....
#########Z).# #..#.3
#....)....# #.###3


You could see a fire giant and a phantasmal warrior.

Vanquished Creatures
  Saint Roka (Snake:3)
  Vashnia (Snake:3)
  Bai Suzhen (Snake:3)
  Nikola (Snake:1)
  Jorgrun (D:15)
  Asterion (Snake:2)
  2 quicksilver dragons (Snake:4)
  The ghost of krest the Impaler, an adept MiGl of Okawaru (Snake:4)
  Agnes (Snake:4)
  6 nagarajas
  Donald (Snake:4)
  Aizul (Snake:2)
  Louise (Snake:1)
  An orc warlord (Orc:2)
  3 stone giants (Depths:1)
  Nessos (Lair:4)
  An ettin (Depths:1)
  Josephine (Snake:1)
  2 merfolk impalers
  5 salamander tyrants
  A vault guard (D:12)
  A spriggan air mage (Depths:1)
  An ogre mage (Orc:2)
  10 anacondas
  2 hydras
  A catoblepas (D:13)
  A merfolk avatar (Shoals:1)
  8 centaur warriors
  6 two-headed ogres
  A death knight (D:15)
  A boulder beetle (Lair:4)
  A deep troll earth mage (Depths:1)
  2 deep troll shamans
  15 naga warriors
  8 death yaks
  A spriggan berserker (D:15)
  8 shock serpents
  2 thrashing horrors (Abyss:2)
  2 tengu warriors (D:13)
  7 sun demons
  8 naga sharpshooters
  Sonja (D:11)
  6 skysharks
  A skeletal warrior (D:9)
  4 iron trolls (Depths:1)
  4 deep trolls
  A salamander mystic (Snake:3)
  4 sea snakes
  A wizard (D:15)
  Lodul (D:12)
  A glowing orange brain (Depths:1)
  2 lindwurms
  3 naga ritualists
  3 necromancers
  9 harpies (Shoals:1)
  A deep elf zephyrmancer (D:13)
  Pikel (D:7)
  6 mana vipers
  An orc knight (D:10)
  8 cyclopes
  A faun (Shoals:1)
  A wolf spider (shapeshifter) (D:13)
  2 deep elf pyromancers (D:15)
  12 orc sorcerers
  9 ugly things
  A worldbinder (Abyss:2)
  18 salamanders
  An oklob plant (Lair:3)
  39 black mambas
  A merfolk siren (Shoals:1)
  2 manticores
  A moth of wrath (Snake:4)
  Maurice (D:10)
  A sphinx skeleton (Depths:1)
  12 guardian serpents
  18 naga magi
  A smoke demon (Abyss:2)
  An unseen horror (D:10)
  3 torpor snails
  2 gargoyles
  2 centaur skeletons (D:15)
  A rime drake (shapeshifter) (D:9)
  Psyche (D:9)
  7 cane toads
  10 komodo dragons
  4 rime drakes
  A yaktaur (D:15)
  An efreet (D:13)
  A freezing wraith (D:13)
  A guardian mummy (D:15)
  2 tengu conjurers (Depths:1)
  2 polar bears (Lair:5)
  7 merfolk
  7 trolls
  3 wind drakes (Shoals:1)
  9 dream sheep
  6 hornets
  A tarantella (shapeshifter) (D:14)
  A large abomination (Abyss:2)
  A snapping turtle (Shoals:1)
  6 blink frogs (Lair:1)
  4 slime creatures
  Sigmund (D:5)
  An ettin skeleton (Depths:1)
  2 shadows
  5 wyverns
  2 vampires
  4 water elementals (D:12)
  51 yaks
  10 wraiths
  13 spriggans
  6 basilisks
  A neqoxec (Abyss:2)
  4 vampire mosquitoes
  A steam dragon (D:9)
  40 nagas
  3 wargs
  A swamp worm (shapeshifter) (D:9)
  A glowing shapeshifter zombie (Depths:1)
  Edmund (D:5)
  3 acid dragons
  A hell hound (D:15)
  16 water moccasins
  A hornet zombie (D:15)
  6 black bears
  5 ice beasts
  2 sky beasts (D:6)
  22 orc warriors
  34 wolves
  16 ogres
  4 boggarts (Lair:5)
  17 centaurs
  4 lemures
  A phantom (D:5)
  8 bullfrogs
  A glowing shapeshifter simulacrum (Depths:1)
  5 scorpions
  A gnoll sergeant (D:9)
  The ghost of radpin the Cudgeller, a weakling TrBe of Trog (D:3)
  14 killer bees
  4 howler monkeys
  2 electric eels
  A gnoll bouda (D:6)
  3 hounds
  A human zombie (Ossuary)
  3 jellies
  5 iguanas
  8 orc priests
  2 iron imps (Abyss:2)
  27 orc wizards
  A boggart zombie (D:15)
  5 polar bear simulacra (Lair:5)
  2 yak simulacra (Lair:5)
  A wolf simulacrum (Lair:5)
  5 mummies
  8 gnolls
  8 adders
  5 white imps
  A howler monkey simulacrum (D:9)
  2 ufetubi
  2 worms
  5 dart slugs
  52 orcs
  7 endoplasms
  2 giant cockroaches (D:1)
  7 goblins
  11 hobgoblins
  13 jackals
  9 kobolds
  10 quokkas
  8 ball pythons
  2 bats
  4 frilled lizards
  3 gnoll zombies (Ossuary)
  A goblin zombie (Ossuary)
  2 hobgoblin zombies (Ossuary)
  A kobold zombie (Ossuary)
  2 rats
  3 river rat simulacra (Lair:5)
  A spectral goblin (D:1)
  A tentacle (Shoals:1)
932 creatures vanquished.

Vanquished Creatures (collateral kills)
  A nagaraja (Snake:4)
  The ghost of wpisznazwe the Warrior, a journeyman MfGl of Okawaru (Lair:5)
  Erolcha (Orc:2)
  A naga mage (Snake:4)
  A komodo dragon (Lair:5)
  An orc wizard (Orc:2)
  An orc (Orc:2)
7 creatures vanquished.

Vanquished Creatures (others)
  2 orc wizards (Orc:2)
  An orc (Snake:3)
  14 fungi
  17 plants
  4 tentacles (Shoals:1)
38 creatures vanquished.

Grand Total: 977 creatures vanquished

Notes
Turn   | Place    | Note
-------+----------+-------------------------------------------
     0 | D:1      | Grim the Minotaur Berserker began the quest for the Orb.
     0 | D:1      | Reached XP level 1. HP: 19/19 MP: 0/0
    46 | D:1      | Reached skill level 4 in Axes
   153 | D:1      | Reached XP level 2. HP: 26/26 MP: 1/1
   264 | D:1      | Reached skill level 5 in Axes
   387 | D:1      | Reached XP level 3. HP: 31/31 MP: 2/2
   531 | D:1      | Found a faded altar of an unknown god.
  1176 | D:2      | Reached ** piety under Trog
  1203 | D:2      | Reached skill level 6 in Axes
  1203 | D:2      | Reached XP level 4. HP: 34/39 MP: 3/3
  2194 | D:3      | Reached XP level 5. HP: 40/45 MP: 4/4
  2242 | D:3      | Reached skill level 7 in Axes
  2344 | D:3      | Found a snail-covered altar of Cheibriados.
  2553 | D:3      | Found a sacrificial altar of Ru.
  2553 | D:3      | Found a hide-covered altar of Uskayaw.
  2593 | D:3      | Found a runed translucent gate.
  2593 | D:3      | Found a runed translucent gate.
  2593 | D:3      | Found a runed translucent gate.
  2595 | D:3      | Found an opulent altar of Gozag.
  2596 | D:3      | Noticed radpin's ghost (weakling TrBe)
  2840 | D:3      | Killed radpin's ghost
  2841 | D:3      | Reached skill level 8 in Axes
  2841 | D:3      | Reached XP level 6. HP: 51/51 MP: 5/5
  3212 | D:4      | Found a sand-covered staircase.
  3224 | Ossuary  | Entered an ossuary
  3304 | Ossuary  | Reached skill level 9 in Axes
  3410 | Ossuary  | Reached *** piety under Trog
  3700 | D:4      | Reached XP level 7. HP: 33/57 MP: 6/6
  4230 | D:4      | Reached skill level 10 in Axes
  4445 | D:4      | Gained mutation: You occasionally lose the ability to read
                  | scrolls when taking damage. [potion of mutation]
  4445 | D:4      | Gained mutation: You have hidden genetic potential. [potion
                  | of mutation]
  4700 | D:5      | Entered Level 5 of the Dungeon
  4732 | D:5      | Reached skill level 11 in Axes
  4868 | D:5      | Noticed Edmund
  4877 | D:5      | Reached XP level 8. HP: 66/66 MP: 7/7
  4880 | D:5      | Killed Edmund
  4881 | D:5      | Reached skill level 5 in Fighting
  4890 | D:5      | Gained mutation: You are partially covered in iridescent
                  | scales. (AC +2) [hidden potential]
  4986 | D:5      | Noticed Sigmund
  4994 | D:5      | Killed Sigmund
  5180 | D:5      | Noticed a troll
  5186 | D:5      | Killed a troll
  5558 | D:5      | Found a blossoming altar of Fedhas.
  5701 | D:5      | Reached XP level 9. HP: 72/85 MP: 8/8
  5894 | D:6      | Reached skill level 10 in Fighting
  5983 | D:6      | Gained mutation: Your muscles are strong. (Str +4, Int/Dex
                  | -1) [hidden potential]
  5983 | D:6      | Lost mutation: You have hidden genetic potential. [hidden
                  | potential expressed]
  5993 | D:6      | Lost mutation: You occasionally lose the ability to read
                  | scrolls when taking damage. [potion of mutation]
  5993 | D:6      | Lost mutation: Your muscles are strong. (Str +4, Int/Dex
                  | -1) [potion of mutation]
  5993 | D:6      | Gained mutation: You have a pair of large horns on your
                  | head. [potion of mutation]
  5993 | D:6      | Lost mutation: You have a pair of large horns on your head.
                  | [potion of mutation]
  6780 | D:6      | Reached skill level 5 in Armour
  6799 | D:6      | Found a staircase to the Ecumenical Temple.
  7382 | D:7      | Noticed Pikel
  7840 | D:7      | Killed Pikel
  7841 | D:7      | Reached XP level 10. HP: 95/95 MP: 9/9
  7937 | D:7      | Reached skill level 10 in Armour
  8774 | D:8      | Found Naleduv's Assorted Antiques.
  8782 | D:8      | Noticed a two-headed ogre
  8788 | D:8      | Killed a two-headed ogre
  8926 | D:8      | Reached skill level 5 in Dodging
  9208 | D:8      | Identified the +5 whip of Conscience {chaos, Str+2 Dex+3}
  9459 | D:8      | Found a white marble altar of Elyvilon.
  9686 | D:9      | Reached XP level 11. HP: 94/102 MP: 10/10
  9818 | D:9      | Noticed Psyche
  9827 | D:9      | Killed Psyche
 10386 | D:9      | Noticed a skeletal warrior
 10425 | D:9      | Killed a skeletal warrior
 10641 | D:9      | Reached skill level 10 in Dodging
 10662 | D:9      | Noticed a white ugly thing
 10689 | D:9      | Killed a white ugly thing
 11155 | D:9      | Found a runed translucent gate.
 11155 | D:9      | Found a runed translucent gate.
 11155 | D:9      | Found a runed translucent gate.
 11585 | D:9      | a wind drake changed into a lindwurm
 11585 | D:9      | Noticed a lindwurm (shapeshifter)
 12093 | D:9      | Noticed gyole's ghost (novice OgEE)
 12106 | D:10     | Entered Level 10 of the Dungeon
 12119 | D:10     | Noticed Maurice
 12125 | D:10     | Killed Maurice
 12180 | D:10     | Noticed an orc knight
 12187 | D:10     | Found Waiwirust's Armour Emporium.
 12187 | D:10     | Found a staircase to the Orcish Mines.
 12191 | D:10     | Killed an orc knight
 12232 | D:10     | Reached **** piety under Trog
 12233 | D:10     | Reached skill level 12 in Axes
 12383 | D:10     | Noticed a two-headed ogre
 12389 | D:10     | Killed a two-headed ogre
 12496 | D:10     | Found a hazy altar of Hepliaklqana.
 12607 | D:10     | Noticed a death yak
 12607 | D:10     | Noticed a death yak
 12607 | D:10     | Noticed a death yak
 12608 | D:10     | Noticed a death yak
 12608 | D:10     | Noticed a death yak
 12608 | D:10     | Noticed a death yak
 12626 | D:9      | Killed a death yak
 12628 | D:9      | Killed a death yak
 12629 | D:9      | Reached skill level 13 in Axes
 12629 | D:9      | Reached XP level 12. HP: 110/110 MP: 11/11
 12677 | D:10     | Noticed a death yak
 12689 | D:9      | Killed a death yak
 12691 | D:9      | Killed a death yak
 12742 | D:10     | Killed a death yak
 12743 | D:10     | Reached skill level 14 in Axes
 12749 | D:10     | Killed a death yak
 12842 | D:10     | Found a staircase to the Lair.
 13206 | D:10     | Noticed a death yak
 13215 | D:10     | Killed a death yak
 13220 | D:10     | Killed a death yak
 13221 | D:10     | Reached skill level 15 in Axes
 13563 | D:11     | Noticed a two-headed ogre
 13572 | D:11     | Killed a two-headed ogre
 14130 | D:11     | Noticed Sonja
 14134 | D:11     | Killed Sonja
 14240 | D:11     | Reached skill level 16 in Axes
 14914 | D:12     | Noticed Lodul
 14934 | D:12     | Killed Lodul
 14935 | D:12     | Reached skill level 17 in Axes
 15804 | D:13     | Noticed a catoblepas
 15808 | D:13     | Killed a catoblepas
 15809 | D:13     | Reached XP level 13. HP: 116/116 MP: 12/12
 15917 | D:13     | Reached skill level 18 in Axes
 16805 | D:13     | Found a gate to the Vaults.
 16923 | D:13     | Reached skill level 19 in Axes
 18722 | D:14     | Reached skill level 20 in Axes
 19231 | D:15     | Entered Level 15 of the Dungeon
 19601 | D:15     | Found a portal to a secret trove of treasure.
 19694 | D:15     | Found an iron altar of Okawaru.
 20019 | D:15     | Noticed Jorgrun
 20040 | D:15     | Killed Jorgrun
 20425 | D:15     | Found a staircase to the Depths.
 20517 | D:15     | Reached XP level 14. HP: 130/130 MP: 13/13
 20744 | Lair:1   | Entered Level 1 of the Lair of Beasts
 20802 | Lair:1   | Found a runed translucent gate.
 20802 | Lair:1   | Found a runed translucent gate.
 20802 | Lair:1   | Found a runed translucent gate.
 20986 | Lair:1   | Noticed Atotek's ghost (journeyman MeCA)
 21717 | Lair:2   | Reached skill level 15 in Fighting
 21801 | Lair:2   | Found a staircase to the Shoals.
 22306 | Lair:3   | Reached skill level 1 in Evocations
 22419 | Lair:3   | Found a staircase to the Snake Pit.
 22600 | Lair:3   | Reached skill level 1 in Throwing
 22711 | Lair:3   | Found a sacrificial altar of Ru.
 22848 | Lair:3   | Found a transporter.
 22848 | Lair:3   | Noticed Ruockun's ghost (journeyman DsNe)
 22855 | Lair:3   | Found the +12 glaive of Prune {freeze, Prune}
 22882 | Lair:3   | Found a transporter.
 22888 | Lair:3   | Reached ***** piety under Trog
 23596 | Lair:4   | Noticed Nessos
 23611 | Lair:4   | Killed Nessos
 25359 | Lair:5   | Entered Level 5 of the Lair of Beasts
 25765 | Lair:4   | Received a gift from Trog
 26108 | Lair:5   | Reached skill level 5 in Throwing
 26125 | Lair:5   | Reached XP level 15. HP: 69/149 MP: 14/14
 26134 | Lair:4   | HP: 7/149 [poisoned by a spriggan rider]
 26619 | Lair:5   | Found a transporter.
 26623 | Lair:5   | Found a transporter.
 26625 | Lair:5   | Noticed wpisznazwe's ghost (journeyman MfGl)
 26715 | Lair:5   | Killed wpisznazwe's ghost
 27389 | Lair:5   | Identified the ring of Jicw {rPois AC+4 Int+8}
 27500 | Lair:5   | Found a viscous altar of Jiyva.
 27500 | Lair:5   | Found a staircase to the Slime Pits.
 27845 | Orc:1    | Entered Level 1 of the Orcish Mines
 28170 | Orc:1    | Found a radiant altar of Vehumet.
 28663 | Orc:2    | Entered Level 2 of the Orcish Mines
 28663 | Orc:2    | Found a staircase to the Elven Halls.
 28859 | Orc:2    | Noticed Erolcha
 28860 | Orc:2    | Identified the +7 halberd of the Sky {flame, Will+} (Trog
                  | gifted it to you on level 2 of the Orcish Mines)
 28860 | Orc:2    | Received a gift from Trog
 28869 | Orc:2    | Killed Erolcha
 29016 | Orc:2    | Found Exzogh's Book Shoppe.
 29034 | Orc:2    | Found an ancient bone altar of Kikubaaqudgha.
 29046 | Orc:2    | Found Hyly's Distillery.
 29116 | Orc:2    | Found a radiant altar of Vehumet.
 29135 | Orc:2    | Found Assun's Magic Scroll Emporium.
 29186 | Orc:2    | Found Osawuil's Antique Armour Emporium.
 30077 | Snake:1  | Entered Level 1 of the Snake Pit
 31101 | Snake:1  | Noticed Josephine
 31112 | Snake:1  | Killed Josephine
 31218 | Snake:1  | Identified the +1 pair of gloves of the Present {Contam
                  | rF+++ Str+5}
 31218 | Snake:1  | Noticed Nikola
 31233 | Snake:1  | Killed Nikola
 31616 | Snake:1  | Noticed Louise
 31636 | Snake:1  | Killed Louise
 31904 | Snake:2  | Noticed a nagaraja
 31912 | Snake:2  | Noticed Asterion
 31918 | Snake:2  | Noticed an Executioner
 31934 | Snake:2  | HP: 7/217 [shock serpent (10)]
 31936 | Snake:2  | HP: 2/217 [something (6)]
 31937 | Snake:2  | Reached skill level 15 in Armour
 31937 | Snake:2  | Received a gift from Trog
 32308 | Snake:2  | Reached XP level 16. HP: 152/158 MP: 15/15
 32417 | Snake:1  | HP: 7/159 [poisoned by a naga ritualist (toxic radiance)]
 33345 | Snake:2  | Killed Asterion
 34039 | Snake:2  | Noticed Aizul
 34045 | Snake:2  | Killed Aizul
 34580 | Snake:3  | Reached skill level 10 in Throwing
 35109 | Snake:3  | Noticed Bai Suzhen
 35231 | Snake:3  | Killed Bai Suzhen
 36082 | Snake:3  | Noticed Saint Roka
 36104 | Snake:3  | Killed Saint Roka
 36330 | Snake:3  | Identified the +4 mace of the Sky {venom, *Noise Drain
                  | rCorr Int+6}
 36448 | Snake:4  | Entered Level 4 of the Snake Pit
 36478 | Snake:4  | Noticed Vashnia
 36615 | Snake:3  | Killed Vashnia
 36781 | Snake:4  | Received a gift from Trog
 36977 | Snake:4  | Noticed Agnes
 36985 | Snake:4  | Killed Agnes
 37206 | Snake:4  | Reached skill level 15 in Dodging
 37217 | Snake:4  | Noticed Donald
 37228 | Snake:4  | Killed Donald
 37518 | Snake:4  | Reached XP level 17. HP: 158/166 MP: 16/16
 37951 | Snake:4  | Received a gift from Trog
 38154 | Snake:4  | Found a transporter.
 38158 | Snake:4  | Noticed krest's ghost (adept MiGl)
 38194 | Snake:4  | Found a transporter.
 38257 | Snake:4  | Killed krest's ghost
 38455 | Snake:4  | Identified the ring "Qunoerch" {Int+2 SInv}
 38460 | Snake:4  | Identified the +9 plate armour "Qulasm" {rElec rCorr Str-3}
 39039 | Snake:4  | Noticed a quicksilver dragon
 39042 | Snake:4  | Noticed a quicksilver dragon
 39172 | Snake:4  | Killed a quicksilver dragon
 39173 | Snake:4  | Killed a quicksilver dragon
 39642 | Snake:4  | Got a serpentine rune of Zot
 39771 | Shoals:1 | Entered Level 1 of the Shoals
 40083 | Abyss:2  | Cast into level 2 of the Abyss (merfolk impaler)
 40213 | Abyss:2  | Gained mutation: You occasionally lose the ability to read
                  | scrolls when taking damage. [a neqoxec]
 40333 | Shoals:1 | Escaped the Abyss
 40518 | Lair:2   | Reached skill level 21 in Axes
 40959 | Shoals:1 | Noticed a kraken
 41405 | Depths:1 | Entered Level 1 of the Depths
 41964 | Depths:1 | Reached skill level 22 in Axes
 42141 | Depths:1 | Noticed a lich
 42156 | Depths:1 | Reached XP level 18. HP: 98/173 MP: 17/17
 42782 | Depths:1 | Killed from afar by a lich

Illustrated notes

Levels and vault maps discovered:
D:1:      minmay_arrival_arboretum_small, layout_loops_ring,
          dreamdust_ecumenical_altar_drowned_temple,
          minmay_large_rounded_square, amethyst_killhole
D:2:      layout_basic, nicolae_concentric_dashed_squares_wild
D:3:      layout_basic, slow_altar_2, nicolae_overflow_two_pavilions,
          ebering_ghost_gozag, minmay_cut_off
D:4:      layout_loops_ring, nicolae_ossuary_entry_ruins,
          minmay_fractal_squares_gapless_5
D:5:      layout_basic, mainiacjoe_overflow_brackets, uniq_edmund, uniq_sigmund
D:6:      layout_loops_corners, temple_pool_b, grunt_ministairs_3,
          chequers_serial_rivers_large_a, minmay_fractal_squares_diagonal_5
D:7:      layout_basic, uniq_pikel
D:8:      layout_basic, mainiacjoe_overflow_small_starburst, serial_shops, shop,
          minivault_23, minivault_25, minivault_23
D:9:      minmay_blocky_corners, layout_long_grid, gammafunk_ghost_spectres,
          grunt_ministairs_9, minmay_fractal_squares_gapless_7, uniq_psyche
D:10:     layout_stronghold, mainiacjoe_overflow_chevrons, dpeg_lair_monsters,
          orc_david_3, corexii_hall_statues_s, uniq_maurice
D:11:     layout_loops_ring, uniq_sonja
D:12:     layout_long_grid, nicolae_underground_beach, uniq_lodul
D:13:     layout_cave_pods, david_vaults_5
D:14:     layout_basic, hangedman_decor_riveting, roderic_st_hans_cross
D:15:     grunt_enter_depths_magical_seal, layout_irregular_city,
          nicolae_trove_entry_path_of_doom, minmay_crystal_water,
          kennysheep_okawaru_gauntlet, uniq_jorgrun
Lair:1:   layout_cave_pods, gammafunk_ghost_icy, minmay_holes
Lair:2:   layout_roguey, shoals_dummy_entry
Lair:3:   layout_hall_layers, minmay_snake_entry_guardpost_small,
          gammafunk_ghost_arena, lemuel_oklob_altar, infiniplex_staircase_pool_2
Lair:4:   statuecave_lemuel, layout_cave_pods, serial_forest,
          infiniplex_forest_straight_2, infiniplex_forest_straight_5,
          infiniplex_forest_lined_1, infiniplex_forest_clump_tiny,
          infiniplex_forest_zigzag_1, infiniplex_forest_clump_C,
          infiniplex_forest_clump_diagonal, infiniplex_forest_straight_3,
          infiniplex_forest_lined_room_2, infiniplex_forest_lined_1,
          grunt_forest_large_clearing_hut, uniq_nessos
Lair:5:   minmay_lair_end_enchanted_forest, layout_cave_shapes,
          dpeg_slime_entry_enclosed, gammafunk_ghost_arena,
          eino_house_with_fridge
Shoals:1: layout_shoals, nicolae_shoals_dead_sea_scrolls
Snake:1:  layout_basic, uniq_louise, uniq_josephine, uniq_nikola
Snake:2:  layout_layer_cave, nicolae_triple_integral, uniq_aizul, uniq_asterion
Snake:3:  layout_misc_corridors, uniq_saint_roka, uniq_bai_suzhen
Snake:4:  hellmonk_snake_rune_quicksilver_temple, layout_misc_corridors,
          gammafunk_ghost_berserking_beasts, grunt_megastairs_3, uniq_agnes,
          uniq_vashnia, uniq_donald
Orc:1:    layout_caves, basic_altar
Orc:2:    kennysheep_orc_mage_school, layout_diamond_mine, mines2_lemuel
Depths:1: layout_small_grid, nemelex_diamond_rough_becter,
          nicolae_hell_entry_hellmouth_sunbeams, xom_redecorated,
          kennysheep_random_hallway, minmay_shop_grove

Skill      XL: |  1  2  3  4  5  6  7  8  9 10 11 12 13 14 15 16 17 |
---------------+----------------------------------------------------+-----
Axes           | 4 5 6 8 9 11 13 17 20 22 | 22.9
Fighting       | 4 9 11 13 17 18 | 18.5
Armour         | 9 12 15 16 | 16.2
Dodging        | 7 11 15 18 | 18.6
Evocations     | 1 |  1.2
Throwing       | 5 9 10 | 10.0

Action                     |  1- 3 |  4- 6 |  7- 9 | 10-12 | 13-15 | 16-18 || total
---------------------------+-------+-------+-------+-------+-------+-------++-------
  Melee: Hand axe          |    73 |   144 |   195 |   218 |    13 |       ||   643
         Headbutt          |    11 |    28 |    35 |    84 |   180 |   160 ||   498
         Punch             |     1 |     4 |     2 |       |       |       ||     7
         Battleaxe         |       |       |       |   140 |   843 |       ||   983
         Executioner's axe |       |       |       |       |     3 |   700 ||   703
  Throw: Dart              |       |       |       |       |     1 |       ||     1
 Invoke: Berserk           |     4 |     4 |    13 |    20 |    23 |    20 ||    84
         Trog's Hand       |       |     1 |     2 |     6 |     9 |     4 ||    22
         Brothers in Arms  |       |       |       |       |     2 |     3 ||     5
    Use: Potion            |       |       |     3 |     1 |     4 |     3 ||    11
         Scroll            |       |       |       |    16 |    16 |    13 ||    45
   Stab: Sleeping          |       |     1 |       |       |       |       ||     1
         Invisible         |       |       |       |       |     7 |       ||     7
 Armour: Animal skin       |     9 |    34 |     4 |       |       |       ||    47
         Scale mail        |       |       |    72 |    12 |       |       ||    84
         Chain mail        |       |       |       |    48 |       |       ||    48
         Acid dragon scale |       |       |       |    65 |   256 |       ||   321
         Plate armour      |       |       |       |       |    96 |   225 ||   321
         Storm dragon scal |       |       |       |       |       |   310 ||   310
  Dodge: Dodged            |    47 |    84 |    68 |   226 |   518 |   637 ||  1580
  Block: Other             |       |       |       |    74 |   184 |   152 ||   410
         Reflection        |       |       |       |     8 |    21 |    25 ||    54

Table legend: (Time is in decaauts)
 A = Elapsed time spent in this place.
 B = Non-inter-level travel time spent in this place.
 C = Inter-level travel time spent in this place.
 D = Time resting spent in this place.
 E = Time spent auto-exploring this place.
 F = Levels seen in this place.
 G = Mean time per level.
                   A        B        C        D        E       F      G
               +--------+--------+--------+--------+--------+-----+--------+
         Total |  43308 |  41994 |   1314 |  19086 |  17249 |  31 | 1397.0 |
       Dungeon |  22029 |  21347 |    682 |   9224 |   9681 |  15 | 1468.6 |
          Lair |   7559 |   7248 |    311 |   2832 |   3578 |   5 | 1511.8 |
        Shoals |    864 |    810 |     54 |    232 |    377 |   1 |  864.0 |
     Snake Pit |   9767 |   9608 |    159 |   5769 |   2353 |   4 | 2441.8 |
  Orcish Mines |   1934 |   1828 |    106 |    417 |   1100 |   2 |  967.0 |
        Depths |    446 |    446 |      0 |    292 |     10 |   1 |  446.0 |
         Abyss |    248 |    248 |      0 |    114 |      0 |   2 |  124.0 |
       Ossuary |    458 |    458 |      0 |    204 |    149 |   1 |  458.0 |
               +--------+--------+--------+--------+--------+-----+--------+

Top non-repeatable levels by time:
  Lair:4: 2833 daAuts
 Snake:1: 2832 daAuts
    D:15: 2425 daAuts
 Snake:3: 2375 daAuts
 Snake:4: 2353 daAuts
     D:9: 2253 daAuts
 Snake:2: 2206 daAuts
     D:6: 1987 daAuts
    D:13: 1739 daAuts
    D:12: 1693 daAuts
    D:10: 1577 daAuts
     D:8: 1565 daAuts
  Lair:5: 1400 daAuts
   Orc:2: 1300 daAuts
  Lair:3: 1286 daAuts
